AoeStats
← OldStyle

Arabia

509998268Analyzed
1v1 RM · 2d ago on Sep 29, 2026· 15m 34s· 2 players
Game mode
Random Map
Map size
Tiny (2 player)
Population
200
Speed
Normal
Resources
Standard
Victory
Conquest
Starting age
Dark Age
Ending age
Imperial Age
RankedLock teamsTeams togetherTeam positionsShared explorationLock speedFull tech treeHidden civsTurbo modeCheats
Victory
Defeat
🇧🇷 Mongols · Brazil
1385
+14
🇦🇷 Vietnamese · Argentina
1345
-14
gerpanto2006
6:43 Loom
9:05 Feudal Age
9:33 Double-Bit Axe
9:29 Horse Collar
OldStyle
2:08 Loom
9:20 Feudal Age
9:37 Man-at-Arms
15:23 Double-Bit Axe
Connection lost

Rejoining the realm…

Still unreachable

The connection could not be restored.

Session expired

The server has moved on; the page needs a fresh start.